 Dungeon Crawl Stone Soup version 0.24.0-123-gd5b16e6ec5 (webtiles) character file.

Game seed: 5272308267851480248, levelgen mode: deterministic

80 Elellon the Chopper (level 4, -4/39 HPs)
             Began as a Hill Orc Fighter on Jan 14, 2020.
             Slain by a gnoll
             ... wielding a +0 halberd
              (7 damage)
             ... on level 2 of the Dungeon.
             The game lasted 00:01:38 (1312 turns).

Elellon the Chopper (Hill Orc Fighter)              Turns: 1312, Time: 00:01:38

Health: -4/39      AC:  9    Str: 19    XL:     4   Next: 39%
Magic:  4/4        EV:  7    Int:  8    God:
Gold:   40         SH:  9    Dex: 10    Spells: 3/3 levels left

rFire    . . .     SeeInvis .   a - +0 war axe
rCold    . . .     Gourm    .   c - +0 shield
rNeg     . . .     Faith    .   b - +0 scale mail
rPois    .         Spirit   .   j - +0 helmet
rElec    .         Reflect  .   (no cloak)
rCorr    .         Harm     .   e - +0 pair of gloves
MR       .....                  (no boots)
Stlth    ..........             (no amulet)
HPRegen  0.13/turn              (no ring)
MPRegen  0.09/turn              (no ring)

@: no status effects
A: no striking features
a: no special abilities


You were on level 2 of the Dungeon.
You were hungry.

You visited 1 branch of the dungeon, and saw 2 of its levels.

You collected 40 gold pieces.

Inventory:

Hand Weapons
 a - a +0 war axe (weapon)
Armour
 b - a +0 scale mail (worn)
 c - a +0 shield (worn)
 e - a +0 pair of gloves (worn)
 j - a +0 helmet (worn)
Jewellery
 h - an uncursed ring of ice {unknown}
Scrolls
 i - a scroll of noise {unknown}
Potions
 d - a potion of might
Comestibles
 f - a ration
 g - 4 chunks of flesh


   Skills:
 - Level 3.6 Fighting
 + Level 6.0 Axes
 - Level 3.2 Armour
 - Level 3.2 Shields


You had 3 spell levels left.
You didn't know any spells.
Your spell library was empty.

Dungeon Overview and Level Annotations

Branches:
Dungeon (2/15)

Altars:


Message History

Your shield and scale mail prevent you from hitting the gnoll.
The rat bites you but does no damage. The gnoll hits you but does no damage.
The gnoll hits you. The rat barely misses you.
You closely miss the rat. You hit the gnoll. The gnoll hits you.
* * * LOW HITPOINT WARNING * * *
The gnoll barely misses you. The rat completely misses you.
You hit the rat.
The rat is heavily wounded.
Your shield and scale mail prevent you from hitting the gnoll.
You block the gnoll's attack.
The gnoll hits you from afar with a +0 halberd.
* * * LOW HITPOINT WARNING * * *
The rat bites you.
* * * LOW HITPOINT WARNING * * *
You block the gnoll's attack.
You slash the rat!
You kill the rat!
You hit the gnoll.
The gnoll hits you from afar with a +0 halberd!
You die...

# # . #.# .. #####.######
#.# ..........####### # ..
.................
#...#.###g#..............
......g)@....(..)......>.
......###.#.#..#รท.....###
.#... #.#....#.####.# ....
#.###.##.####.# ... #.#
#.......#.# .. # #.#
#.......#.# . #.###.#
#.......#.#
#.....###.......#.#
####.........##.#.# #


You could see 2 gnolls.

Vanquished Creatures
  2 gnolls (D:2)
  An adder (D:2)
  An ooze (D:1)
  2 worms (D:2)
  A dart slug (D:1)
  A leopard gecko (D:1)
  5 bats
  A giant cockroach (D:1)
  3 goblins
  5 hobgoblins
  2 jackals (D:2)
  2 quokkas (D:2)
  2 frilled lizards (D:1)
  4 kobolds
  8 rats
40 creatures vanquished.

Notes
Turn   | Place    | Note
-------+----------+-------------------------------------------
     0 | D:1      | Elellon the Hill Orc Fighter began the quest for the Orb.
     0 | D:1      | Reached XP level 1. HP: 19/19 MP: 1/1
    11 | D:1      | Reached skill level 3 in Axes
   212 | D:1      | Reached XP level 2. HP: 24/26 MP: 2/2
   376 | D:1      | Reached skill level 4 in Axes
   463 | D:1      | Reached XP level 3. HP: 31/31 MP: 3/3
   946 | D:2      | Reached skill level 5 in Axes
  1272 | D:2      | Reached XP level 4. HP: 39/39 MP: 4/4
  1305 | D:2      | Reached skill level 6 in Axes
  1312 | D:2      | Slain by a gnoll

Levels and vault maps discovered:
D:1:      moated_graveyard_arrival, layout_loops_ring
D:2:      layout_basic, nicolae_dithmenos_through_a_glass_darkly, moated_statue

Skill      XL: |  1  2  3  4 |
---------------+-------------+-----
Axes           | 3 4 5 6 |  6.0
Fighting       | |  3.6
Armour         | |  3.2
Shields        | |  3.2

Action                   |  1- 3 |  4- 6 || total
-------------------------+-------+-------++-------
Melee: War axe           |   106 |    20 ||   126
  Eat: Chunk             |     1 |       ||     1
Armor: Scale mail        |    56 |     7 ||    63
Dodge: Dodged            |    34 |    11 ||    45
Block: Shield            |    42 |    13 ||    55
